 Dungeon Crawl Stone Soup version 0.20-a0-1127-g1289703 (webtiles) character file.

95 MTVSty1e the Skirmisher (level 4, -1/35 HPs)
             Began as a Demonspawn Gladiator on May 18, 2017.
             Slain by Grinder (2 damage)
             ... while paralysed by Grinder
             ... on level 3 of the Dungeon.
             The game lasted 00:03:51 (2112 turns).

MTVSty1e the Skirmisher (Demonspawn Gladiator)      Turns: 2112, Time: 00:03:52

Health: -1/35      AC:  4    Str: 16    XL:     4   Next: 40%
Magic:  0/4        EV:  2    Int:  9    God:
Gold:   121        SH:  0    Dex: 14    Spells: 3/3 levels left

rFire    . . .     SeeInvis .   i - +0 hand axe (freeze)
rCold    . . .     Gourm    .   (no shield)
rNeg     . . .     Faith    .   p - +0 scale mail
rPois    .         Spirit   +   (helmet restricted)
rElec    .         Reflect  .   (no cloak)
rCorr    .         Harm     .   l - +0 pair of gloves
MR       .....                  (no boots)
Stlth    ..........             o - amulet of guardian spirit
Regen    0.2/turn               (no ring)
MPRegen  0.1/turn               (no ring)

@: paralysed, lethally poisoned (-1 -> -2), flying, very slightly contaminated,
hasted, invisible
A: antennae 1, claws 1, blurry vision 1, deformed body, high mp 1, powered by
pain 1
a: no special abilities


You were on level 3 of the Dungeon.
You were not hungry.

You visited 1 branch of the dungeon, and saw 3 of its levels.

You collected 121 gold pieces.

Inventory:

Hand Weapons
 a - a +0 war axe
 i - a +0 hand axe of freezing (weapon)
Missiles
 d - 3 throwing nets (quivered)
Armour
 b - a +0 leather armour
 c - a +0 helmet
 l - a +0 pair of gloves (worn)
 p - a +0 scale mail (worn)
Jewellery
 o - an amulet of guardian spirit (around neck)
Wands
 k - a wand of flame (1/48)
Scrolls
 r - a scroll of teleportation {unknown}
 s - a scroll of recharging {unknown}
Potions
 n - a potion of might {unknown}
Comestibles
 f - a bread ration
 j - 2 royal jellies
 q - a fruit
 t - a meat ration


   Skills:
 * Level 3.5 Fighting
 + Level 3.1 Axes
 - Level 1.7 Throwing
 + Level 1.0 Armour
 + Level 3.3 Dodging


You had 3 spell levels left.
You didn't know any spells.

Dungeon Overview and Level Annotations

Branches:
Dungeon (3/15)

Altars:

Annotations:
D:3 Grinder


Innate Abilities, Weirdness & Mutations

You have a pair of small antennae on your head.
You sometimes gain a little power by taking damage.
You have sharp fingernails.
Scrolls take you a little longer to read.
Armour fits poorly on your strangely shaped body.
You have an increased reservoir of magic. (+10% MP)


Message History

You closely miss Grinder.
Grinder is lightly wounded.
You feel sick. Grinder hits you.
Your scale mail prevents you from hitting Grinder.
Grinder is lightly wounded.
Grinder gestures at you.
You suddenly lose the ability to move!
Grinder gestures at you. You resist with significant effort. Grinder hits you.
* * * LOW HITPOINT WARNING * * *
You feel sick. Grinder hits you but does no damage. x2
Grinder hits you.
* * * LOW HITPOINT WARNING * * *
You writhe in agony.
* * * LOW HITPOINT WARNING * * *
Grinder hits you!
* * * LOW HITPOINT WARNING * * *
You writhe in agony.
You die...

#. #. ##+# #. ##...## #
# #. ##.....## #.# #.
##.......## ##.## #.
#.........####...######.
+.........†.............
#......@..##........###.
##....5..###.##.###.# #.
##.....## #.##.###.# #.
##...## #.##.....# #.
##+# #.#####..# ##
#.#####..# #........#
#######.## #.#


You could see Grinder.

Vanquished Creatures
  4 adders
  A worm (D:3)
  A dart slug (D:1)
  4 leopard geckos
  An orc (D:3)
  7 giant cockroaches
  2 hobgoblins
  6 jackals
  6 bats
  2 frilled lizards
  2 goblins
  7 kobolds
  A leopard gecko skeleton (D:3)
  7 rats
51 creatures vanquished.

Notes
Turn   | Place    | Note
-------+----------+-------------------------------------------
     0 | D:1      | MTVSty1e the Demonspawn Gladiator began the quest for the Orb.
     0 | D:1      | Reached XP level 1. HP: 16/16 MP: 1/1
   180 | D:1      | Gained mutation: You sometimes gain a little power by taking damage. [demonic ancestry]
   180 | D:1      | Reached XP level 2. HP: 20/23 MP: 2/2
   923 | D:2      | Reached XP level 3. HP: 17/28 MP: 3/3
  1746 | D:3      | Gained mutation: You have a pair of small antennae on your head. [demonic ancestry]
  1746 | D:3      | Reached XP level 4. HP: 34/35 MP: 4/4
  1917 | D:3      | Reached skill level 1 in Armour
  2074 | D:3      | Noticed Grinder
  2086 | D:3      | Gained mutation: You have sharp fingernails. [potion of mutation]
  2086 | D:3      | Gained mutation: Scrolls take you a little longer to read. [potion of mutation]
  2086 | D:3      | Gained mutation: Armour fits poorly on your strangely shaped body. [potion of mutation]
  2086 | D:3      | Gained mutation: You have an increased reservoir of magic. (+10% MP) [potion of mutation]
  2106 | D:3      | Paralysed by Grinder for 6 turns
  2112 | D:3      | HP: 1/35 [Grinder (6)]
  2112 | D:3      | Slain by Grinder

Vault maps used:
D:1:      dpeg_arrival_erosion, minmay_misc_feat_four_crosses
D:3:      wad_crossroads, uniq_grinder

Skill      XL: |  1  2  3  4 |
---------------+-------------+-----
Dodging        | 3 |  3.3
Fighting       | 3 |  3.5
Axes           | 3 |  3.1
Armour         | 1 |  1.0
Throwing       | |  1.7

Action                   |  1- 3 |  4- 6 || total
-------------------------+-------+-------++-------
Melee: War axe           |    22 |       ||    22
       Hand axe          |    89 |    55 ||   144
Evoke: Wand              |       |     4 ||     4
  Use: Scroll            |     3 |       ||     3
       Potion            |       |     4 ||     4
 Stab: Sleeping          |     1 |       ||     1
  Eat: Meat ration       |     1 |       ||     1
Armor: Leather armour    |    30 |       ||    30
       Scale mail        |    23 |    22 ||    45
Dodge: Dodged            |   113 |    41 ||   154
